 Dungeon Crawl Stone Soup version 0.27-a0-1590-g15f69828bf (webtiles) character file.

Game seed: 12188447009987676054

87 pokeman the Magician (level 4, 0/25 HPs)
             Began as a Deep Elf Hedge Wizard on July 18, 2021.
             Was an Initiate of Vehumet.
             Slain by Ijyb (4 damage)
             ... on level 3 of the Dungeon.
             The game lasted 00:03:06 (2455 turns).

pokeman the Magician (Deep Elf Hedge Wizard)        Turns: 2455, Time: 00:03:07

Health: 0/25       AC:  3    Str:  7    XL:     4   Next: 28%
Magic:  3/13       EV: 12    Int: 20    God:    Vehumet [......]
Gold:   169        SH:  0    Dex: 14    Spells: 3/14 levels left

rFire    . . .     SeeInvis .   e - +0 spear
rCold    . . .     Faith    .   (no shield)
rNeg     . . .     Spirit   .   h - +0 leather armour
rPois    .         Reflect  .   c - +0 hat
rElec    .         Harm     .   (no cloak)
rCorr    .         Rampage  .   (no gloves)
Will     .....                  (no boots)
Stlth    ++........             (no amulet)
HPRegen  0.08/turn              (no ring)
MPRegen  0.13/turn              (no ring)

@: very slightly contaminated
A: no striking features
a: Renounce Religion


You were on level 3 of the Dungeon.
You worshipped Vehumet.
Vehumet was noncommittal.
You visited 1 branch of the dungeon, and saw 3 of its levels.

You collected 169 gold pieces.

Inventory:

Hand Weapons
 e - a +0 spear (weapon)
Armour
 c - a +0 hat (worn)
 h - a +0 leather armour (worn)
Scrolls
 a - a scroll of enchant weapon {unknown}
 b - 2 scrolls of identify {unknown}
 d - 2 scrolls of teleportation {unknown}
 g - 2 scrolls of amnesia {unknown}
 l - a scroll of brand weapon {unknown}
Potions
 f - a potion of heal wounds {unknown}
 i - a potion of ambrosia {unknown}
 j - a potion of attraction {unknown}
 k - a potion of degeneration {unknown}


   Skills:
 - Level 1.0 Fighting
 - Level 1.0 Armour
 + Level 2.6 Dodging
 - Level 2.4 Stealth
 * Level 5.6 Spellcasting
 + Level 2.2 Conjurations
 - Level 1.1 Summonings
 - Level 1.1 Translocations
 + Level 0.6 Fire Magic


You had 3 spell levels left.
You knew the following spells:

 Your Spells              Type           Power      Damage    Failure   Level
a - Magic Dart            Conj           56%        1d5       6%          1
b - Mephitic Cloud        Conj/Pois/Air  8%         N/A       34%         3
c - Call Imp              Summ           10%        N/A       16%         2
d - Blink                 Tloc           N/A        N/A       16%         2
e - Conjure Flame         Conj/Fire      11%        6-21      26%         3

Your spell library contained the following spells:

 Spells                   Type           Power      Damage    Failure   Level
 Beastly Appendage        Tmut           10%        N/A       16%         1
 Slow                     Hex            5%         N/A       24%         2
 Wereblood                Tmut           5%         N/A       24%         2
 Spider Form              Tmut/Pois      2%         N/A       43%         3


Dungeon Overview and Level Annotations

Branches:
Dungeon (3/15)

Altars:
Vehumet

Annotations:
D:3 Ijyb


Message History

Ijyb is lightly wounded.
Ijyb is engulfed in blazing flames.
Reach: e) +0 spear
Press: ? - help, Dir - move target, f/p - Ijyb
Aim: Ijyb, wielding a +0 club, wearing a +0 scale mail and carrying a wand of iceblast (7) (heavily wounded, confused, about 21% to evade your +0 spear)
You completely miss Ijyb.
Ijyb is heavily wounded.
Ijyb misses you.
Reach: e) +0 spear
Press: ? - help, Dir - move target, f/p - Ijyb
Aim: Ijyb, wielding a +0 club, wearing a +0 scale mail and carrying a wand of iceblast (7) (heavily wounded, confused, about 21% to evade your +0 spear)
You barely miss Ijyb.
Ijyb is heavily wounded.
Unknown command.
Reach: e) +0 spear
Press: ? - help, Dir - move target, f/p - Ijyb
Aim: Ijyb, wielding a +0 club, wearing a +0 scale mail and carrying a wand of iceblast (7) (heavily wounded, confused, about 21% to evade your +0 spear)
You hit Ijyb.
Ijyb is severely wounded.
Ijyb misses you.
Reach: e) +0 spear
Press: ? - help, Dir - move target, f/p - Ijyb
Aim: Ijyb, wielding a +0 club, wearing a +0 scale mail and carrying a wand of iceblast (7) (severely wounded, confused, about 21% to evade your +0 spear)
You barely miss Ijyb.
Ijyb is severely wounded.
Ijyb hits you with a +0 club.
* * * LOW HITPOINT WARNING * * *
Reach: e) +0 spear
Press: ? - help, Dir - move target, f/p - Ijyb
Aim: Ijyb, wielding a +0 club, wearing a +0 scale mail and carrying a wand of iceblast (7) (severely wounded, confused, about 21% to evade your +0 spear)
You hit Ijyb.
Ijyb is severely wounded.
Ijyb closely misses you.
Reach: e) +0 spear
Press: ? - help, Dir - move target, f/p - Ijyb
Aim: Ijyb, wielding a +0 club, wearing a +0 scale mail and carrying a wand of iceblast (7) (severely wounded, confused, about 21% to evade your +0 spear)
You hit Ijyb but do no damage.
Ijyb is severely wounded.
Ijyb hits you with a +0 club.
You die...

#.................
#.# ###.##.######.
#.# #.##.######.
#.#####...........
#
#........########.
#$##...).#.## ##
#..........#
####.g...#.#
#@....#.#
#°###.#.# #.#
#...# #.# #...#
#.. ....# ##. ..
.. ... .. ...


You could see Ijyb (confused).

Vanquished Creatures
  A centaur zombie (D:3)
  An adder (D:3)
  A dart slug (D:2)
  3 ball pythons
  3 endoplasms (D:2)
  A giant cockroach (D:1)
  7 goblins
  A hobgoblin (D:1)
  4 jackals
  4 kobolds
  5 bats
  5 frilled lizards
  A jackal skeleton (D:3)
  5 rats
42 creatures vanquished.

Vanquished Creatures (others)
  A plant (D:3)
1 creature vanquished.

Grand Total: 43 creatures vanquished

Notes
Turn   | Place    | Note
-------+----------+-------------------------------------------
     0 | D:1      | pokeman the Deep Elf Hedge Wizard began the quest for the
                  | Orb.
     0 | D:1      | Reached XP level 1. HP: 10/10 MP: 7/7
    74 | D:1      | Noticed an ogre
    74 | D:1      | Noticed an ogre
    74 | D:1      | Noticed an ogre
    81 | D:1      | Noticed an ogre
   310 | D:1      | Reached XP level 2. HP: 16/16 MP: 5/9
   613 | D:1      | Found a faded altar of an unknown god.
   613 | D:1      | Noticed a neqoxec
  1176 | D:2      | Reached skill level 5 in Spellcasting
  1467 | D:2      | Reached XP level 3. HP: 18/20 MP: 7/11
  1477 | D:2      | Learned a level 3 spell: Mephitic Cloud
  1480 | D:2      | Learned a level 2 spell: Call Imp
  1483 | D:2      | Learned a level 2 spell: Blink
  1487 | D:2      | Learned a level 3 spell: Conjure Flame
  1994 | D:3      | Found a radiant altar of Vehumet.
  2000 | D:3      | Became a worshipper of Vehumet
  2168 | D:3      | Reached skill level 1 in Fighting
  2168 | D:3      | Reached skill level 1 in Armour
  2262 | D:3      | Reached XP level 4. HP: 14/25 MP: 8/13
  2434 | D:3      | Noticed Ijyb
  2455 | D:3      | Slain by Ijyb

Illustrated notes

Levels and vault maps discovered:
D:1:      erik_arrival_cave_to_civilisation [erik_arrival_cave_to_temple],
          layout_basic, serial_glass, glass_columns_a, glass_columns_c,
          glass_columns_a, glass_columns_a, glass_columns_b, glass_columns_a,
          glass_columns_c, glass_columns_a,
          dreamdust_ecumenical_altar_sealed_demon
D:2:      layout_basic
D:3:      layout_loops_ring, vehumet_crystals,
          amcnicky_mini_rare_corridor_liquid, serial_bayou_pond_e, uniq_ijyb

Skill      XL: |  1  2  3 |
---------------+----------+-----
Spellcasting   | 5 |  5.6
Fighting       | 1 |  1.0
Armour         | 1 |  1.0
Conjurations   | 2 |  2.2
Dodging        | |  2.6
Stealth        | |  2.4
Summonings     | |  1.1
Translocations | |  1.1
Fire Magic     | |  0.6

Action                   |  1- 3 |  4- 6 || total
-------------------------+-------+-------++-------
Melee: Spear             |    12 |    12 ||    24
 Cast: Magic Dart        |    85 |     1 ||    86
       Conjure Flame     |     1 |     1 ||     2
       Mephitic Cloud    |       |     1 ||     1
 Stab: Confused          |       |     2 ||     2
Armor: Robe              |     6 |       ||     6
       Leather armour    |     2 |       ||     2
Dodge: Dodged            |    34 |     5 ||    39

Table legend: (Time is in decaauts)
 A = Elapsed time spent in this place.
 B = Non-inter-level travel time spent in this place.
 C = Inter-level travel time spent in this place.
 D = Time resting spent in this place.
 E = Time spent auto-exploring this place.
 F = Levels seen in this place.
 G = Mean time per level.
                   A        B        C        D        E       F      G
               +--------+--------+--------+--------+--------+-----+--------+
         Total |   2459 |   2360 |     99 |     48 |   2058 |   3 |  819.7 |
       Dungeon |   2459 |   2360 |     99 |     48 |   2058 |   3 |  819.7 |
               +--------+--------+--------+--------+--------+-----+--------+

Top non-repeatable levels by time:
     D:1: 1279 daAuts
     D:2: 687 daAuts
     D:3: 492 daAuts
